 Dungeon Crawl Stone Soup version 0.28-a0-1560-g060a6a1bfc (webtiles) character file.

Game seed: 4311455296651494951

25 BritishOli the Slasher (level 2, 0/23 HPs)
             Began as a Demonspawn Gladiator on Jan 19, 2022.
             Succumbed to an adder's poison
             ... on level 2 of the Dungeon.
             The game lasted 00:01:37 (1513 turns).

BritishOli the Slasher (Demonspawn Gladiator)       Turns: 1513, Time: 00:01:38

Health: 0/23       AC:  4    Str: 14    XL:     2   Next: 82%
Magic:  2/2        EV: 12    Int:  9    God:
Gold:   34         SH:  0    Dex: 14    Spells: 1/1 levels left

rFire   . . .      SeeInvis .   a - +0 long sword
rCold   . . .      Faith    .   (no shield)
rNeg    . . .      Spirit   .   b - +0 leather armour
rPois   .          Reflect  .   c - +0 helmet
rElec   .          Harm     .   (no cloak)
rCorr   .          Rampage  .   (no gloves)
Will    .....                   (no boots)
Stlth   +.........              (no amulet)
HPRegen 0.07/turn               (no ring)
MPRegen 0.08/turn               (no ring)

@: lethally poisoned (0 -> -2)
A: sturdy frame 1
a: no special abilities


You were on level 2 of the Dungeon.
You visited 1 branch of the dungeon, and saw 2 of its levels.

You collected 34 gold pieces.

Inventory:

Hand Weapons
 a - a +0 long sword (weapon)
Missiles
 d - 3 throwing nets (quivered)
Armour
 b - a +0 leather armour (worn)
 c - a +0 helmet (worn)
Scrolls
 e - a scroll of fog {unknown}
 g - a scroll of silence {unknown}
 h - a scroll of summoning {unknown}
 i - 2 scrolls of identify {unknown}
Potions
 f - a potion of resistance {unknown}


   Skills:
 + Level 2.4 Fighting
 * Level 3.0 Long Blades
 - Level 2.0 Throwing
 + Level 0.2 Armour
 + Level 3.0 Dodging


You had one spell level left.
You didn't know any spells.
Your spell library contained the following spells:

 Spells                   Type           Power      Damage    Failure   Level
 Summon Guardian Golem    Hex/Summ       0%         N/A       77%         3
 Orb of Destruction       Conj           0%         9d5       100%        7
 Spellforged Servitor     Conj/Summ      0%         N/A       100%        7


Dungeon Overview and Level Annotations

Branches:
Dungeon (2/15)

Altars:


Innate Abilities, Weirdness & Mutations

Your movements are slightly less encumbered by armour. (ER -2)


Message History

An adder comes into view.
The adder hisses angrily.
You miss the adder. The adder barely misses you. The adder closely misses you.
An adder is nearby!
You barely miss the adder. The adder misses you. The adder bites you.
An adder is nearby!
An adder is nearby!
You closely miss the adder. The adder bites you.
An adder is nearby!
You hit the adder but do no damage. The adder barely misses you.
The adder closely misses you.
An adder is nearby!
You closely miss the adder. The adder bites you. x2
You are poisoned.
The adder poisons you!
An adder is nearby!
You closely miss the adder.
You feel sick. The adder misses you.
An adder is nearby!
You are too injured to fight recklessly!
You are too injured to fight recklessly!
You are too injured to fight recklessly!
You barely miss the adder.
You feel sick. The adder closely misses you. The adder bites you.
You are more poisoned.
The adder poisons you!
You closely miss the adder.
* * * LOW HITPOINT WARNING * * *
You feel sick. The adder bites you.
* * * LOW HITPOINT WARNING * * *
The adder closely misses you.
You miss the adder.
* * * LOW HITPOINT WARNING * * *
You feel sick. The adder closely misses you.
You slash the adder!
The adder is severely wounded.
* * * LOW HITPOINT WARNING * * *
You feel sick. The adder misses you. The adder barely misses you.
You barely miss the adder.
The adder is severely wounded.
You die...

#<..#.#.#
#.......#
#####.#.###
...#.#...
#####.#.#######
#.............#
#.###>#.#####.#
...#.......#
### #@#######
........S......
.######.#######
... #.# ..# ..#
..#


You could see an adder.

Vanquished Creatures
  A dart slug (D:1)
  5 ball pythons (D:1)
  A bat (D:1)
  2 endoplasms (D:1)
  A goblin (D:1)
  4 jackals (D:1)
  A quokka (D:1)
  2 frilled lizards (D:1)
  2 kobolds (D:1)
  2 rats (D:1)
21 creatures vanquished.

Vanquished Creatures (others)
  A plant (D:1)
1 creature vanquished.

Grand Total: 22 creatures vanquished

Notes
Turn   | Place    | Note
-------+----------+-------------------------------------------
     0 | D:1      | BritishOli the Demonspawn Gladiator began the quest for the
                  | Orb.
     0 | D:1      | Reached XP level 1. HP: 16/16 MP: 1/1
   254 | D:1      | Gained mutation: Your movements are slightly less
                  | encumbered by armour. (ER -2) [demonic ancestry]
   254 | D:1      | Reached XP level 2. HP: 22/22 MP: 2/2
   433 | D:1      | Found a faded altar of an unknown god.
  1512 | D:2      | HP: 1/23 [poisoned by an adder]
  1513 | D:2      | Succumbed to an adder's poison

Illustrated notes

Levels and vault maps discovered:
D:1:      pf_arrival_petrified_forest, layout_loops_ring,
          dilly_ecumenical_altar_fadedgnrine
D:2:      layout_basic, uniq_jessica

Skill      XL: |  1  2 |
---------------+-------+-----
Throwing       | 2 |  2.0
Long Blades    | 3 |  3.0
Dodging        | 3 |  3.0
Fighting       | |  2.4
Armour         | |  0.2

Action                   || total
-------------------------++-------
Melee: Long sword        ||    78
       Punch             ||     2
 Stab: Sleeping          ||     1
Armor: Leather armour    ||    23
Dodge: Dodged            ||    60

Table legend: (Time is in decaauts)
 A = Elapsed time spent in this place.
 B = Non-inter-level travel time spent in this place.
 C = Inter-level travel time spent in this place.
 D = Time resting spent in this place.
 E = Time spent auto-exploring this place.
 F = Levels seen in this place.
 G = Mean time per level.
                   A        B        C        D        E       F      G
               +--------+--------+--------+--------+--------+-----+--------+
         Total |   1532 |   1474 |     58 |    316 |    989 |   2 |  766.0 |
       Dungeon |   1532 |   1474 |     58 |    316 |    989 |   2 |  766.0 |
               +--------+--------+--------+--------+--------+-----+--------+

Top non-repeatable levels by time:
     D:1: 1507 daAuts
     D:2: 25 daAuts
